 Dungeon Crawl Stone Soup version 0.30-a0-305-g026cb31310 (webtiles) character file.

Game seed: 2217846978641921818

395 koil the Sneak (level 6, -8/32 HPs)
             Began as a Spriggan Brigand on Oct 23, 2022.
             Mangled by a hornet (14 damage)
             ... on level 4 of the Dungeon.
             The game lasted 00:08:39 (3054 turns).

koil the Sneak (Spriggan Brigand)                   Turns: 3054, Time: 00:08:39

Health: -8/32      AC:  3    Str:  6 (7)  XL:     6   Next: 52%
Magic:  11/11      EV: 18    Int: 12 (14) God:
Gold:   225        SH:  0    Dex: 16 (17) Spells: 11/11 levels left

rFire   . . .      SeeInvis +    a - +2 dagger
rCold   . . .      Faith    .    (no shield)
rNeg    . . .      Spirit   .    b - +0 robe
rPois   .          Reflect  .    (helmet restricted)
rElec   .          Harm     .    c - +0 cloak
rCorr   .          Rampage  .    (gloves unavailable)
Will    +....                    (boots unavailable)
Stlth   ++++......               (no amulet)
HPRegen 0.25/turn                (no ring)
MPRegen 0.12/turn                (no ring)

@: lethally poisoned (-8 -> -12), invisible, very quick
A: very small, no large weapons, unfitting armour, see invisible, speed 3
a: no special abilities


You were on level 4 of the Dungeon.
You visited 1 branch of the dungeon, and saw 4 of its levels.
You also visited: Sewer.

You collected 313 gold pieces.
You spent 88 gold pieces at shops.

Inventory:

Hand Weapons
 a - a +2 dagger (weapon)
Missiles
 d - 12 poisoned darts (quivered)
 e - 3 curare-tipped darts
Armour
 b - a +0 robe (worn)
 c - a +0 cloak (worn)
Scrolls
 f - 8 scrolls of identify {unknown}
 h - a scroll of enchant armour {unknown}
 i - 3 scrolls of teleportation {unknown}
 k - a scroll of butterflies {unknown}
 l - a scroll of brand weapon {unknown}
 n - a scroll of amnesia {unknown}
 p - a scroll of noise {unknown}
 s - 3 scrolls of blinking {unknown}
 t - a scroll of fear {unknown}
 u - 2 scrolls of immolation {unknown}
 x - a scroll of vulnerability {unknown}
Potions
 g - a potion of degeneration
 m - 2 potions of brilliance {unknown}
 o - 3 potions of mutation
 q - a potion of attraction {unknown}
 r - a potion of lignification {unknown}
 v - a potion of ambrosia {unknown}
 w - a potion of haste {unknown}


   Skills:
 + Level 2.9 Fighting
 + Level 3.8 Short Blades
 - Level 2.0 Throwing
 + Level 4.1 Dodging
 + Level 7.5 Stealth
 + Level 3.3 Spellcasting


You had 11 spell levels left.
You didn't know any spells.
Your spell library contained the following spells:

 Spells                   Type           Power      Damage    Failure   Level
 Ozocubu's Armour         Ice            1%         N/A       58%         3
 Metabolic Englaciation   Hex/Ice        0%         N/A       100%        5
 Simulacrum               Ice/Necr       0%         N/A       100%        6


Dungeon Overview and Level Annotations

Branches:
Dungeon (4/15)              Sewer (visited)
 Temple: D:4-7

Altars:
Cheibriados
Makhleb

Shops:
D:3 !


Innate Abilities, Weirdness & Mutations

You are very small and have problems with some larger weapons.
You are too small for most types of armour.
You have supernaturally acute eyesight. (SInv)
You cover ground extremely quickly. (Speed+++)


Message History

Press: ? - help, Q - select action, (/) - cycle Shift-Dir - straight line, f - hornet
Aim: a hornet (48% to hit)
You throw a poisoned dart. The poisoned dart hits the hornet.
The hornet is poisoned.
The hornet closely misses you.
Throw: 14 darts (poison)
Press: ? - help, Q - select action, (/) - cycle Shift-Dir - straight line, f/p - hornet
Aim: a hornet (lightly wounded, poisoned, 48% to hit)
You throw a poisoned dart. The poisoned dart hits the hornet.
The hornet looks even sicker.
The hornet is lightly wounded.
The hornet barely misses you.
There is an open door here.
You see here a ball python corpse.
There is an open door here.
Throw: 13 darts (poison)
Press: ? - help, Q - select action, (/) - cycle Shift-Dir - straight line, f/p - hornet
Aim: a hornet (severely wounded, poisoned, 48% to hit)
You throw a poisoned dart. The poisoned dart misses the hornet.
The hornet stings you!
You are poisoned.
You feel yourself slow down.
You feel very sick.
You open the door.
An endoplasm, a goblin, a hobgoblin and 2 jackals come into view.
You feel yourself speed up.
You feel very sick. The hornet stings you.
* * * LOW HITPOINT WARNING * * *
You feel yourself slow down. The hornet closely misses you.
Found 33 gold pieces.
You fade into invisibility!
You feel yourself speed up.
* * * LOW HITPOINT WARNING * * *
You feel sick. The hornet barely misses you. The hornet closely misses you.
The hornet stings you but does no damage.
Unknown command.
You hit the hornet but do no damage.
The hornet is severely wounded.
You feel sick.
The hornet looks more healthy.
The hornet stings you!
You die...

##......####.##......
#........#........#...#
#........#....#...###.#
# #........#.........
..# . ###........## #
####.. ## .
##.##......## ...J .
##...##....## ..g.g
##.....####)####h$....
#.....(.'....y@'....$.
.
#.......########.h$...
. #.......# ..... .
##.....## ###+ .
#.....# . ####'##### .
#.......+ #.......#
##.$($.##


You could see a hornet (unable to see you), an endoplasm (asleep), 2 jackals, a
hobgoblin (asleep) and a goblin (asleep).

Vanquished Creatures
  An ogre (D:3)
  A necrophage (D:3)
  A hound (D:3)
  An iguana (D:4)
  A hell rat (Sewer)
  7 adders
  A river rat (Sewer)
  A worm (D:2)
  4 dart slugs
  3 orcs
  4 endoplasms
  4 giant cockroaches (D:4)
  8 hobgoblins
  8 jackals
  A kobold (D:2)
  7 quokkas
  11 ball pythons
  6 bats
  A frilled lizard (D:1)
  5 goblins
  4 rats
80 creatures vanquished.

Notes
Turn   | Place    | Note
-------+----------+-------------------------------------------
     0 | D:1      | koil the Spriggan Brigand began the quest for the Orb.
     0 | D:1      | Reached XP level 1. HP: 10/10 MP: 2/2
    52 | D:1      | Found a faded altar of an unknown god.
   213 | D:1      | Reached skill level 6 in Stealth
   243 | D:1      | Reached XP level 2. HP: 15/15 MP: 3/3
   384 | D:1      | Reached skill level 1 in Spellcasting
   655 | D:2      | Reached XP level 3. HP: 17/18 MP: 5/5
  1383 | D:3      | Reached XP level 4. HP: 15/23 MP: 6/8
  1550 | D:3      | Found Aral's Distillery.
  1553 | D:3      | Noticed an ogre
  1564 | D:3      | Bought a potion of mutation for 88 gold pieces
  1618 | D:3      | Killed an ogre
  1619 | D:3      | Reached XP level 5. HP: 27/27 MP: 9/9
  1664 | D:3      | Found a burning altar of Makhleb.
  1742 | D:3      | Reached skill level 7 in Stealth
  2117 | D:3      | Found a snail-covered altar of Cheibriados.
  2204 | D:4      | Reached XP level 6. HP: 32/32 MP: 11/11
  2408 | D:4      | Found a glowing drain.
  2516 | Sewer    | Entered a sewer
  3019 | D:4      | Noticed a hornet
  3054 | D:4      | Mangled by a hornet

Illustrated notes

Levels and vault maps discovered:
D:1:      erik_arrival_orb_chamber, layout_basic, ebering_ecumenical_altar_rust
D:2:      layout_basic
D:3:      layout_basic, marbit_many_paths, general_overflow_altar, serial_shops,
          shop
D:4:      minmay_polygon_palace, layout_cave_pools, temple_green,
          gup_sewer_entry_pipe

Skill      XL: |  1  2  3  4  5  6 |
---------------+-------------------+-----
Stealth        | 6 7 |  7.5
Spellcasting   | 1 2 3 |  3.3
Dodging        | 2 3 4 |  4.1
Fighting       | 2 |  2.9
Short Blades   | 3 |  3.8
Throwing       | |  2.0

Action                   |  1- 3 |  4- 6 || total
-------------------------+-------+-------++-------
Melee: Dagger            |   125 |   201 ||   326
       Punch             |     1 |       ||     1
Throw: Dart              |     4 |    16 ||    20
  Use: Potion            |       |     3 ||     3
 Stab: Sleeping          |    10 |     7 ||    17
       Invisible         |       |     1 ||     1
Armor: Robe              |    21 |    19 ||    40
Dodge: Dodged            |    91 |   169 ||   260

Table legend: (Time is in decaauts)
 A = Elapsed time spent in this place.
 B = Non-inter-level travel time spent in this place.
 C = Inter-level travel time spent in this place.
 D = Time resting spent in this place.
 E = Time spent auto-exploring this place.
 F = Levels seen in this place.
 G = Mean time per level.
                   A        B        C        D        E       F      G
               +--------+--------+--------+--------+--------+-----+--------+
         Total |   2195 |   2145 |     50 |    112 |   1344 |   5 |  439.0 |
       Dungeon |   2012 |   1962 |     50 |     75 |   1254 |   4 |  503.0 |
         Sewer |    183 |    183 |      0 |     37 |     89 |   1 |  183.0 |
               +--------+--------+--------+--------+--------+-----+--------+

Top non-repeatable levels by time:
     D:3: 708 daAuts
     D:2: 487 daAuts
     D:4: 415 daAuts
     D:1: 400 daAuts
   Sewer: 183 daAuts
